 Dungeon Crawl Stone Soup version 0.27-a0-1202-ge72e49191c (webtiles) character file.

Game seed: 7529529098603955522

515 polve the Chopper (level 7, 52/52 HPs)
             Began as a Demonspawn Berserker on June 4, 2021.
             Was a Priest of Trog.
             Quit the game on level 4 of the Dungeon.
             The game lasted 00:03:12 (3941 turns).

polve the Chopper (Demonspawn Berserker)            Turns: 3941, Time: 00:03:12

Health: 52/52      AC:  5    Str: 19    XL:     7   Next: 0%
Magic:  7/7        EV: 14    Int:  9    God:    Trog [***...]
Gold:   180        SH: 10    Dex: 18    Spells: 6/6 levels left

rFire    . . .     SeeInvis .   d - +0 war axe
rCold    . . .     Faith    .   h - +0 kite shield
rNeg     . . .     Spirit   .   g - +0 ring mail
rPois    .         Reflect  .   (no helmet)
rElec    .         Harm     .   (no cloak)
rCorr    .         Rampage  .   (no gloves)
Will     .....                  (no boots)
Stlth    +.........             (no amulet)
HPRegen  0.17/turn              p - +4 ring of evasion
MPRegen  0.10/turn              m - +6 ring of dexterity

@: on berserk cooldown, slowed, very slow
A: demonic guardian 2, sturdy frame 2
a: Renounce Religion, Berserk, Trog's Hand


You were on level 4 of the Dungeon.
You worshipped Trog.
Trog was most pleased with you.
You visited 1 branch of the dungeon, and saw 4 of its levels.

You collected 180 gold pieces.

Inventory:

Hand Weapons
 a - a +0 hand axe
 d - a +0 war axe (weapon)
Armour
 b - a +0 animal skin
 g - a +0 ring mail (worn)
 h - a +0 kite shield (worn)
 l - a +2 hat
 o - a +0 pair of gloves
 r - a scarf of resistance
Jewellery
 c - a ring of positive energy
 m - a +6 ring of dexterity (right hand)
 p - a +4 ring of evasion (left hand)
 q - a ring of magical power
 s - a ring of see invisible
Scrolls
 e - 2 scrolls of identify {unknown}
 i - 2 scrolls of enchant armour {unknown}
 j - a scroll of blinking {unknown}
 n - a scroll of enchant weapon {unknown}
Potions
 f - a potion of degeneration {unknown}
 k - a potion of heal wounds {unknown}


   Skills:
 - Level 3.0 Fighting
 + Level 5.6 Axes
 - Level 1.7 Armour
 - Level 1.7 Dodging
 + Level 4.3 Shields


You had 6 spell levels left.
You didn't know any spells.
Your spell library was empty.

Dungeon Overview and Level Annotations

Branches:
Dungeon (4/15)
 Temple: D:4-7

Altars:

Portals:
Sewer: D:4


Innate Abilities, Weirdness & Mutations

A demonic guardian rushes to your aid.
Your movements are less encumbered by armour. (ER -4)


Message History

No target in view!
No target in view!
No target in view!
An ogre comes into view. It is wielding a +0 giant spiked club.
An ogre is nearby!
An ogre is nearby!
You see here a howler monkey corpse.
A hound skeleton comes into view.
A red film seems to cover your vision as you go berserk!
You feel yourself moving faster!
You feel mighty!
You feel a strong urge to attack something.
You block the ogre's attack.
You slice the ogre!!
The ogre is severely wounded.
You slash the ogre!
You kill the ogre!
Trog accepts your kill. You block the hound skeleton's attack.
You slice the hound skeleton!!
The hound skeleton is almost destroyed.
You block the hound skeleton's attack.
You slice the hound skeleton!!
You destroy the hound skeleton!
Trog accepts your kill.
You have reached level 7!
You feel a strong urge to attack something.
You are no longer berserk.
You are exhausted.
You feel yourself slow down.
You hear the slow rusting of a drain.
You see here a +0 giant spiked club.
A ball python comes into view.
The ball python moves out of view.
Assign waypoint to what number? (0-9)
Okay, then.
Assign waypoint to what number? (0-9)
Okay, then.
Are you sure you want to abandon this character and quit the game? (Confirm with "yes".)
Okay, then.
Are you sure you want to abandon this character and quit the game? (Confirm with "yes".)

##. . ##.. .#
... #. #.. ##.
### #..#..
#..##....#
#........#
#....#.@# ######
#...##)###.#....
#..............
###..........##.
#.#†.#..≈#....
#....≈≈≈≈≈....
#..#≈≈≈≈≈≈≈#..
#.).≈≈≈≈≈≈≈...
#...≈≈≈∩≈≈≈...


There were no monsters in sight!

Vanquished Creatures
  An ogre (D:4)
  A water moccasin skeleton (D:3)
  A howler monkey (D:4)
  A centaur zombie (D:4)
  Jessica (D:3)
  Terence (D:3)
  2 orc wizards (D:3)
  A hound skeleton (D:4)
  7 adders
  5 gnolls (D:2)
  3 worms
  A dart slug (D:2)
  3 orcs (D:3)
  3 ball pythons
  8 endoplasms
  6 giant cockroaches
  6 goblins
  4 hobgoblins
  9 jackals
  3 quokkas (D:2)
  4 bats
  2 frilled lizards
  5 kobolds
  5 rats
83 creatures vanquished.

Notes
Turn   | Place    | Note
-------+----------+-------------------------------------------
     0 | D:1      | polve the Demonspawn Berserker began the quest for the Orb.
     0 | D:1      | Reached XP level 1. HP: 18/18 MP: 1/1
   372 | D:1      | Reached skill level 3 in Axes
   485 | D:1      | Gained mutation: Your movements are slightly less
                  | encumbered by armour. (ER -2) [demonic ancestry]
   485 | D:1      | Reached XP level 2. HP: 15/24 MP: 2/2
  1238 | D:2      | Reached skill level 1 in Shields
  1279 | D:2      | Reached XP level 3. HP: 22/29 MP: 3/3
  1470 | D:2      | Reached ** piety under Trog
  2004 | D:2      | Reached skill level 4 in Axes
  2004 | D:2      | Gained mutation: Your movements are less encumbered by
                  | armour. (ER -4) [demonic ancestry]
  2004 | D:2      | Reached XP level 4. HP: 35/35 MP: 4/4
  2656 | D:3      | Gained mutation: A weak demonic guardian rushes to your
                  | aid. [demonic ancestry]
  2656 | D:3      | Reached XP level 5. HP: 41/41 MP: 5/5
  2803 | D:3      | Noticed Jessica
  2808 | D:3      | Killed Jessica
  3045 | D:3      | Reached *** piety under Trog
  3301 | D:3      | Noticed Terence
  3310 | D:3      | Killed Terence
  3311 | D:3      | Gained mutation: A demonic guardian rushes to your aid.
                  | [demonic ancestry]
  3311 | D:3      | Reached XP level 6. HP: 20/47 MP: 6/6
  3540 | D:3      | Reached skill level 5 in Axes
  3813 | D:4      | Found a glowing drain.
  3919 | D:4      | Reached XP level 7. HP: 52/52 MP: 7/7
  3941 | D:4      | Quit the game

Illustrated notes

Levels and vault maps discovered:
D:1:      wheals_arrival_shading, layout_basic, minmay_distorted
D:2:      layout_rooms, minmay_pentomino_w4
D:3:      layout_basic, uniq_jessica, uniq_terence
D:4:      layout_cave_pools, zin_scriptorium, cheibrodos_sewer_entry_drain

Skill      XL: |  1  2  3  4  5  6 |
---------------+-------------------+-----
Axes           | 3 4 5 |  5.6
Shields        | 1 2 3 4 |  4.3
Fighting       | |  3.0
Armour         | |  1.7
Dodging        | |  1.7

Action                   |  1- 3 |  4- 6 |  7- 9 || total
-------------------------+-------+-------+-------++-------
Melee: War axe           |   102 |   164 |       ||   266
       Hand axe          |     2 |       |       ||     2
Invok: Berserk           |     1 |     1 |       ||     2
Armor: Animal skin       |     3 |       |       ||     3
       Ring mail         |    45 |    49 |       ||    94
Dodge: Dodged            |    74 |   100 |       ||   174
Block: Kite shield       |    47 |    89 |       ||   136

Table legend: (Time is in decaauts)
 A = Elapsed time spent in this place.
 B = Non-inter-level travel time spent in this place.
 C = Inter-level travel time spent in this place.
 D = Time resting spent in this place.
 E = Time spent auto-exploring this place.
 F = Levels seen in this place.
 G = Mean time per level.
                   A        B        C        D        E       F      G
               +--------+--------+--------+--------+--------+-----+--------+
         Total |   4107 |   3954 |    153 |     16 |   3223 |   4 | 1026.8 |
       Dungeon |   4107 |   3954 |    153 |     16 |   3223 |   4 | 1026.8 |
               +--------+--------+--------+--------+--------+-----+--------+

Top non-repeatable levels by time:
     D:3: 1459 daAuts
     D:2: 1273 daAuts
     D:1: 1169 daAuts
     D:4: 205 daAuts
